 Dungeon Crawl Stone Soup version 0.30-a0-568-g124715a40b (webtiles) character file.

Game seed: 16299566010340049563

4 Newt the Ducker (level 1, 0/16 HPs)
             Began as a Demonspawn Gladiator on Dec 28, 2022.
             Slain by a frilled lizard (2 damage)
             ... on level 1 of the Dungeon.
             The game lasted 00:00:08 (216 turns).

Newt the Ducker (Demonspawn Gladiator)               Turns: 216, Time: 00:00:08

Health: 0/16       AC:  4    Str: 14    XL:     1   Next: 50%
Magic:  1/1        EV: 12    Int:  9    God:
Gold:   17         SH:  0    Dex: 14    Spells: 0/0 levels left

rFire   . . .      SeeInvis .    a - +0 rapier
rCold   . . .      Faith    .    (no shield)
rNeg    . . .      Spirit   .    b - +0 leather armour
rPois   .          Reflect  .    c - +0 helmet
rElec   .          Harm     .    (no cloak)
rCorr   .          Rampage  .    (no gloves)
Will    .....                    (no boots)
Stlth   +                        (no amulet)
HPRegen 0.22/turn                (no ring)
MPRegen 0.07/turn                (no ring)

@: no status effects
A: no striking features
a: no special abilities


You were on level 1 of the Dungeon.
You visited 1 branch of the dungeon, and saw 1 of its levels.

You collected 17 gold pieces.

Inventory:

Hand Weapons
 a - a +0 rapier (weapon)
Missiles
 d - 3 throwing nets (quivered)
 e - a javelin
Armour
 b - a +0 leather armour (worn)
 c - a +0 helmet (worn)
Scrolls
 f - a scroll of enchant weapon {unknown}
 g - a scroll of summoning {unknown}


   Skills:
 - Level 2.0 Fighting
 - Level 2.6 Short Blades
 - Level 1.7 Throwing
 - Level 2.6 Dodging
 + Level 1.1 Stealth


You couldn't memorise any spells.
You didn't know any spells.
Your spell library was empty.

Dungeon Overview and Level Annotations

Branches:
Dungeon (1/15)

Altars:


Message History

The frilled lizard bites the plant. x2
You hit the frilled lizard but do no damage.
The frilled lizard hisses.
The frilled lizard bites the plant. x4
You closely miss the frilled lizard.
A nearby plant withers and dies.
The frilled lizard completely misses you.
The frilled lizard bites the plant. x2; The frilled lizard barely misses you.
You puncture the frilled lizard!
You kill the frilled lizard!
A nearby plant withers and dies. x3; The frilled lizard barely misses you.
Your Stealth skill increases to level 1!
You closely miss the frilled lizard.
The frilled lizard bites you but does no damage.
You hit the frilled lizard.
You kill the frilled lizard!
A frilled lizard comes into view.
The frilled lizard bites you.
You miss the frilled lizard. The frilled lizard misses you.
The frilled lizard bites you but does no damage.
The frilled lizard bites you.
You miss the frilled lizard.
The frilled lizard bites you but does no damage.
The frilled lizard closely misses you.
You miss the frilled lizard. The frilled lizard bites you.
The frilled lizard bites you but does no damage.
The frilled lizard closely misses you. x2
You barely miss the frilled lizard. The frilled lizard misses you.
The frilled lizard closely misses you. The frilled lizard barely misses you.
The frilled lizard misses you.
You closely miss the frilled lizard. The frilled lizard bites you. x2
The frilled lizard completely misses you.
The frilled lizard barely misses you.
You closely miss the frilled lizard. The frilled lizard closely misses you.
The frilled lizard bites you. x2; The frilled lizard barely misses you.
You miss the frilled lizard. The frilled lizard misses you. x3
The frilled lizard bites you.
The frilled lizard barely misses you. x2
The frilled lizard bites you.
* * * LOW HITPOINT WARNING * * *
The frilled lizard bites you.
You die...

### ####.#### .......
..... ## .l.### #....
. #ll..### ##... #.
#@ll..P# #....
#.##l#l...# ... #....#
...# ... ###..# .P#
#.#### ##...# ##
#.##.## ##....###
###>#..(####.......#
...........'.........+
###.#...####.........#


You could see 7 frilled lizards.

Vanquished Creatures
  A kobold (D:1)
  A ball python (D:1)
  3 frilled lizards (D:1)
5 creatures vanquished.

Vanquished Creatures (others)
  5 plants (D:1)
5 creatures vanquished.

Grand Total: 10 creatures vanquished

Notes
Turn   | Place    | Note
-------+----------+-------------------------------------------
     0 | D:1      | Newt the Demonspawn Gladiator began the quest for the Orb.
     0 | D:1      | Reached XP level 1. HP: 16/16 MP: 1/1
   208 | D:1      | Reached skill level 1 in Stealth
   216 | D:1      | Slain by a frilled lizard

Illustrated notes

Levels and vault maps discovered:
D:1:      dpeg_arrival_more_subterranean_lakeside_camping, layout_loops_corners,
          minmay_lizard_king

Skill      XL: |  1 |
---------------+----+-----
Stealth        | 1 |  1.1
Fighting       | |  2.0
Short Blades   | |  2.6
Throwing       | |  1.7
Dodging        | |  2.6

Action                   || total
-------------------------++-------
Melee: Rapier            ||    21
Armor: Leather armour    ||     7
Dodge: Dodged            ||    30

Table legend: (Time is in decaauts)
 A = Elapsed time spent in this place.
 B = Non-inter-level travel time spent in this place.
 C = Inter-level travel time spent in this place.
 D = Time resting spent in this place.
 E = Time spent auto-exploring this place.
 F = Levels seen in this place.
 G = Mean time per level.
                   A        B        C        D        E       F      G
               +--------+--------+--------+--------+--------+-----+--------+
         Total |    219 |    219 |      0 |      0 |    185 |   1 |  219.0 |
       Dungeon |    219 |    219 |      0 |      0 |    185 |   1 |  219.0 |
               +--------+--------+--------+--------+--------+-----+--------+

Top non-repeatable levels by time:
     D:1: 219 daAuts
